[Event "45th FIDE Olympiad 2024"]
[Site "Budapest"]
[Date "2024.09.18"]
[Round "7.43"]
[White "Lokander, Martin"]
[Black "Donchenko, Alexander"]
[Result "1/2-1/2"]
[ECO "E49"]
[WhiteElo "2469"]
[BlackElo "2638"]
[Annotator "TA"]
[PlyCount "172"]
[EventDate "2024.09.05"]
[EventType "team-tourn"]
[EventCountry "HUN"]
[SourceTitle "playchess.com"]
[Source "ChessBase"]
[SourceQuality "1"]
[WhiteTeam "Sweden"]
[BlackTeam "Germany"]
[WhiteTeamCountry "SWE"]
[BlackTeamCountry "GER"]
[TimeControl "40/5400+30:1800+30"]

1. d4 Nf6 2. c4 e6 3. Nc3 Bb4 4. e3 O-O 5. Bd3 d5 6. a3 Bxc3+ 7. bxc3 dxc4 8. Bxc4 c5 9. Ne2 Qc7 10. Bd3 Nc6 11. O-O e5 12. e4 cxd4 13. cxd4 exd4 14. f4 Ng4 15. h3 Ne3 16. Bxe3 dxe3 17. Qc1 Be6 18. Qxe3 f6 19. Rfc1 Rfd8 {[%emt 0:05:04] Prevents Nd4.} 20. Bb5 Rac8 21. Bxc6 bxc6 22. Rc5 Qe7 23. Rac1 Re8 24. Nd4 ({Of course not} 24. Rxc6 Rxc6 25. Rxc6 Bd5 $11) 24... Bd7 (24... Bd5 $1 $14) 25. e5 $16 (25. Nxc6 $6 Bxc6 26. Rxc6 Rxc6 27. Rxc6 Qxe4 28. Qb3+ Kh8 $11) 25... h6 26. Qg3 (26. Nxc6 $6 Bxc6 27. Rxc6 Rxc6 28. Rxc6 fxe5 $14) 26... Qf7 27. Nxc6 {[%emt 0:04:40] White is much more active.} Bxc6 28. Rxc6 Rxc6 29. Rxc6 fxe5 30. fxe5 {[%emt 0:00:09][%mdl 4096] Endgame. KQR-KQR} ({Reject} 30. Rxh6 $6 exf4 31. Qg6 Qxg6 32. Rxg6 f3 $11) 30... Qd5 31. Rxh6 Rxe5 32. Rg6 {[%emt 0:02:22] Inhibits Rg5.} Re7 33. Kh2 Qd4 34. Qd6 Qe4 35. Rg5 Rf7 (35... Qe3 $16 {was called for.} 36. Qd5+ Re6) 36. Qb8+ Kh7 37. Rh5+ Kg6 38. Ra5 $36 {[%emt 0:00:34][%mdl 2048] White is really pushing.} Kh7 {[%emt 0:01:36] Inhibits Qg3.} 39. Qe5 {[%emt 0:05:18] Dodges Rf5} ({Don't play} 39. Rxa7 $6 Rxa7 40. Qxa7 Qf4+ 41. Kh1 Qc1+ 42. Qg1 Qxa3 $11) 39... Qxe5+ (39... Qa8 $16 {was worth a try.} 40. Rd5 Re7 41. Qxe7 Qxd5) 40. Rxe5 {[%emt 0:00:05] KR-KR} Rf6 41. Ra5 {[%emt 0:34:28] Repels Ra6} a6 (41... Rf7 42. h4 Rd7) 42. h4 $18 Kh6 43. g4 Rc6 (43... Re6 {was necessary.} 44. a4 Rd6) 44. h5 g6 45. hxg6 Kxg6 (45... Rc3 $142 46. Rxa6 Kg7) 46. Kg3 Kg7 47. a4 Rd6 48. Kh4 Rh6+ 49. Kg5 Rg6+ 50. Kf5 Rf6+ 51. Ke4 {[%emt 0:00:00] [#] Hoping for g5.} Rg6 (51... Rc6 $142 52. Kf5 Rf6+ 53. Kg5 Rg6+ 54. Kh4 Rh6+ 55. Kg3 Rc6) 52. g5 Rc6 53. Kf5 Rc1 54. Rxa6 Rf1+ 55. Ke5 Rg1 56. Kf4 {[%emt 0:00:00] [#] a5 is the strong threat.} Rf1+ 57. Ke3 (57. Ke4 $142 Re1+ 58. Kf5 Rf1+ 59. Ke6) 57... Rg1 58. Ra5 Rg4 59. Kf3 Rb4 60. Ra6 Rc4 61. a5 Rd4 62. g6 $2 (62. Ra8 Ra4 63. Ra6 Ra3+ 64. Kf4) 62... Rd5 63. Kf4 {[%emt 0:00:59] Prevents Re5} Rc5 64. Ke4 Rg5 65. Kd4 (65. Kd3 $142 {And now Ra8 would win.} Rg3+ 66. Kd2) 65... Rg4+ 66. Kc5 {[%emt 0:00:06] White threatens Rc6 and mate.} Rg5+ 67. Kb6 $2 (67. Kc4 $18 Rg4+ 68. Kd5 Rg5+ 69. Ke4) 67... Rxg6+ $11 68. Kb7 {[%emt 0:00:06] Threatening mate with Rxg6+.} (68. Kb5 $5 Rg5+ $8 69. Kb4 Rg4+ 70. Kb5 Rg5+ 71. Kb6 Rg6+ 72. Kb7 $11) 68... Rg5 69. Ra7 {[%emt 0:00:48] Strongly threatening Kb6+.} Kh6 70. Ra6+ Kh7 71. Ra8 Rg7+ 72. Kc6 (72. Ka6 $5 Rg6+ $8 73. Kb5 Rg5+ 74. Kc6 $11) 72... Rg6+ (72... Rg5 $11 {remains equal.}) 73. Kd5 Rg5+ 74. Ke6 Rc5 75. a6 (75. Kd6 $16 Rf5 76. Kc7) 75... Rc6+ 76. Kd5 Rf6 77. Ke5 Rb6 78. Kd5 Kg7 79. Kc5 (79. a7 $5 Ra6 $8 80. Kc5 $11) 79... Rf6 80. Ra7+ Kg6 81. Kd5 Rf5+ 82. Ke4 Rf6 83. Ra8 (83. Rb7 $11 Rxa6 84. Rb2) 83... Kg7 $14 84. Ke5 {[%emt 0:00:05][%cal Oa8g8] Rg8+! would kill now.} Rb6 (84... Rc6 $142) 85. a7 (85. Kd5 $16) 85... Ra6 $11 86. Rd8 Rxa7 {[%emt 0:00:04] Weighted Error Value: White=0.15 (very precise) /Black=0.27 (precise) .  Mistake:       	White=3     	Black=8      Inaccurate:     	White=2     	Black=3      OK:         	White=17    	Black=17     Best:        	---       	Black=4} 1/2-1/2

[Event "45th FIDE Olympiad 2024"]
[Site "Budapest"]
[Date "2024.09.18"]
[Round "7.43"]
[White "Chashawa, Shaief"]
[Black "Karabo, Mokete"]
[Result "0-1"]
[WhiteElo "1825"]
[BlackElo "1836"]
[PlyCount "154"]
[EventDate "2024.09.05"]
[EventType "team-tourn"]
[EventCountry "HUN"]
[WhiteTeam "Suriname"]
[BlackTeam "Lesotho"]
[BlackTeamCountry "LES"]
[TimeControl "40/5400+30:1800+30"]

1. e4 c5 2. Nf3 d6 3. d4 cxd4 4. Nxd4 Nf6 5. Nc3 a6 6. Bg5 e6 7. Qd2 h6 8. Bxf6 Qxf6 9. O-O-O Nc6 10. Nxc6 bxc6 11. Bc4 Qd8 12. f4 Be7 13. Kb1 Rb8 14. b3 Qa5 15. Ne2 Qa3 16. Ng3 d5 17. Be2 a5 18. Qd4 Bf6 19. e5 Be7 20. Qb2 Qb4 21. Qd4 c5 22. Qd2 c4 23. Qxb4 Rxb4 24. c3 Rb6 25. Kc2 cxb3+ 26. axb3 Bd7 27. Ra1 a4 28. bxa4 O-O 29. a5 Rbb8 30. Rhb1 Bc5 31. Nf1 Bc6 32. Bf3 Bb5 33. a6 Ba7 34. Kd2 Rb6 35. Be2 Bc6 36. Rxb6 Bxb6 37. Ne3 Rd8 38. Nc2 d4 39. Bf3 Bxf3 40. gxf3 dxc3+ 41. Kxc3 f6 42. Ra4 fxe5 43. fxe5 Kh7 44. Rc4 Ba5+ 45. Kb3 Rd3+ 46. Ka4 Bb6 47. f4 Kg6 48. Kb5 Bg1 49. Nb4 Rb3 50. Ka4 Rb2 51. Rc2 Rxc2 52. Nxc2 Kf5 53. Kb5 Kxf4 54. Nb4 Ba7 55. Nd3+ Ke4 56. Kc4 g5 57. Nb4 h5 58. Nc6 Bb6 59. Kb5 Be3 60. Na5 g4 61. Kc6 Kd3 62. Nb7 Kc4 63. Nd8 h4 64. Nxe6 g3 65. hxg3 h3 66. Nf4 h2 67. e6 Bxf4 68. gxf4 h1=Q+ 69. Kd7 Kc5 70. e7 Qc6+ 71. Kd8 Qd6+ 72. Ke8 Qxa6 73. f5 Qf6 74. Kd7 Qd6+ 75. Ke8 Kd5 76. Kf7 Qd7 77. f6 Qe6+ {0-} 0-1

[Event "45th FIDE Olympiad 2024"]
[Site "Budapest"]
[Date "2024.09.18"]
[Round "7.44"]
[White "Svane, Frederik"]
[Black "Pantzar, Milton"]
[Result "1-0"]
[ECO "C55"]
[WhiteElo "2640"]
[BlackElo "2437"]
[Annotator "TA"]
[PlyCount "109"]
[EventDate "2024.09.05"]
[EventType "team-tourn"]
[EventCountry "HUN"]
[SourceTitle "playchess.com"]
[Source "ChessBase"]
[SourceQuality "1"]
[WhiteTeam "Germany"]
[BlackTeam "Sweden"]
[WhiteTeamCountry "GER"]
[BlackTeamCountry "SWE"]
[TimeControl "40/5400+30:1800+30"]

1. e4 e5 2. Nf3 Nc6 3. Bc4 Nf6 4. d3 Be7 5. Nc3 d6 6. a3 O-O 7. O-O h6 {[%emt 0:05:21] C55: Two Knights: 4 d3, 4 d4 exd4 5 e5 and Max Lange Attack.} 8. h3 Re8 9. Be3 Bf8 10. Nh2 $5 {[%emt 0:05:49][%mdl 4] A promising side line.} Ne7 11. Qf3 Ng6 $146 ({Predecessor:} 11... c6 12. Bxh6 d5 13. exd5 cxd5 14. Bb5 e4 15. dxe4 dxe4 16. Nxe4 Nxe4 17. Rad1 Qa5 18. Bxe8 gxh6 19. Qxf7+ {1-0 Raymer,E-Cameanii,V Keres Memorial 30th 2005 (7)}) 12. Ng4 Bxg4 13. hxg4 c6 14. g5 hxg5 15. Bxg5 Be7 16. Nd1 Nf8 17. Ne3 Ne6 18. Bxe6 fxe6 19. Bxf6 Bxf6 20. g3 Bg5 21. Ng4 Rf8 22. Qe2 g6 23. Kg2 Kg7 24. Qe1 (24. Rh1 {feels hotter.} Qe7 25. b4 Rh8 26. c4) 24... Qe7 25. Qc3 (25. Rh1 {is more complex.} a6 26. c4 Rh8 27. Qc3) 25... Bf6 26. a4 (26. Rh1 {with more complications.} a6 27. a4 Rh8 28. b4) 26... c5 27. a5 Rac8 28. Rh1 Rh8 29. Rxh8 Rxh8 30. b4 Rc8 31. Rb1 Rc7 32. bxc5 Rxc5 33. Qb2 Rc7 34. Rh1 Qd8 (34... Kg8 $16 35. c4 Bg7) 35. f4 $18 Rf7 (35... exf4 $2 36. Nxf6 e5 (36... Qxf6 $2 37. Rh7+ Kxh7 38. Qxf6 $18) 37. Nd5 $18) (35... b6 $142 36. fxe5 (36. axb6 axb6 37. fxe5 Bxe5 $18) 36... Bxe5 37. Nxe5 Qf6 38. axb6 axb6) 36. fxe5 $18 dxe5 37. Rf1 Qc7 38. Qc1 g5 39. Nxf6 Rxf6 40. Qxg5+ Rg6 41. Qd2 Kg8 42. Rf2 Qc5 43. Qe2 Qe7 44. Qe3 Qg7 45. Rf3 (45. Qxa7 Rxg3+ 46. Kf1 Rg1+ 47. Ke2 Qg4+ 48. Kd2 Qd1+ 49. Kc3 Qa1+ 50. Kc4 Qa2+ 51. Kc3 (51. Kc5 Qa3+ 52. Kc4 Qa2+ 53. Kc5 Qa3+ 54. Kc4 Qa4+ 55. Kc3 Qa1+ 56. Kc4 Qa2+ $11) 51... Qa3+ 52. Kc4 Qa4+ 53. Kc3 Qa1+ (53... Qa3+ 54. Kc4 $11) 54. Kc4 Qa2+ 55. Kc5 Qa3+ 56. Kc4 Qa4+ 57. Kc3 Qa1+ $11 (57... Qa3+ 58. Kc4 $11)) 45... Qc7 46. Qf2 (46. Qxa7 Qxc2+ 47. Qf2 Qxf2+ 48. Rxf2 (48. Kxf2 Rg7 $18) 48... Rg7 $16) 46... Kg7 47. c4 ({Weaker is} 47. Qxa7 Qxc2+ 48. Qf2 Qc7 $18) 47... a6 48. Rf8 Qd7 49. Rb8 Rf6 (49... Kh7 $142 50. Rf8 Kg7) 50. Qe3 Kg6 (50... Qc7 $142) 51. Qe2 $18 Qf7 52. Qg4+ Kh7 53. Qh3+ Kg6 54. Rh8 Rf2+ 55. Kg1 1-0

[Event "45th FIDE Olympiad 2024"]
[Site "Budapest"]
[Date "2024.09.18"]
[Round "7.44"]
[White "Motlomelo, Lihloela"]
[Black "Kalka, Shiva"]
[Result "0-1"]
[WhiteElo "1696"]
[BlackElo "1849"]
[PlyCount "106"]
[EventDate "2024.09.05"]
[EventType "team-tourn"]
[EventCountry "HUN"]
[WhiteTeam "Lesotho"]
[BlackTeam "Suriname"]
[WhiteTeamCountry "LES"]
[TimeControl "40/5400+30:1800+30"]

1. e4 c5 2. Nf3 e6 3. d4 cxd4 4. Nxd4 Nc6 5. Nc3 Qc7 6. Be3 a6 7. Be2 b5 8. Qd2 Bb7 9. f3 Nf6 10. O-O-O Bb4 11. Kb1 Rc8 12. Nxc6 Bxc6 13. a3 Be7 14. g4 O-O 15. g5 Ne8 16. Na2 a5 17. Bd3 d5 18. h4 Nd6 19. Bf4 Qb7 20. Bxd6 Bxd6 21. exd5 Bxd5 22. Be4 Bxe4 23. fxe4 Bc7 24. Qe1 Qc6 25. Qe2 Be5 26. Rh3 Qc5 27. Rb3 Rb8 28. Qe3 Qc4 29. Qd3 Qc6 30. Qe2 Rfc8 31. Rbd3 f6 32. gxf6 Bxf6 33. h5 Qc5 34. c3 Qe5 35. h6 g6 36. Qg2 b4 37. cxb4 axb4 38. Nxb4 Rc4 39. Re3 Bg5 40. Re2 Bxh6 41. Qh2 Bf4 42. Qg2 Rd4 43. Rf1 Qd6 44. Qf3 g5 45. Rg2 Kh8 46. e5 Bxe5 47. Rxg5 Rd2 48. Rf2 Rxf2 49. Qxf2 Rf8 50. Qe1 Bf6 51. Rh5 Qd4 52. Rh2 Rg8 53. Rh1 Qxb2# {0-} 0-1

[Event "45th FIDE Olympiad 2024"]
[Site "Budapest"]
[Date "2024.09.18"]
[Round "7.45"]
[White "Suleymanli, Aydin"]
[Black "Makhnev, Denis"]
[Result "1-0"]
[ECO "C78"]
[WhiteElo "2632"]
[BlackElo "2551"]
[Annotator "TA"]
[PlyCount "93"]
[EventDate "2024.09.05"]
[EventType "team-tourn"]
[EventCountry "HUN"]
[SourceTitle "playchess.com"]
[Source "ChessBase"]
[SourceQuality "1"]
[WhiteTeam "Azerbaijan"]
[BlackTeam "Kazakhstan"]
[WhiteTeamCountry "AZE"]
[BlackTeamCountry "KAZ"]
[TimeControl "40/5400+30:1800+30"]

1. e4 e5 2. Nf3 Nc6 3. Bb5 a6 4. Ba4 Nf6 5. O-O Bc5 6. c3 O-O 7. d4 Ba7 8. Bg5 h6 9. Bh4 exd4 10. Re1 {[%emt 0:09:07] [#] Black must now prevent e5. White is slightly better.} d6 11. Nxd4 (11. Bxc6 $5 bxc6 12. Nxd4 $14) 11... Ne5 12. Bg3 (12. Bc2 $11) 12... Bg4 13. Qd2 Nh5 14. Bd1 Nxg3 15. hxg3 h5 16. Na3 Re8 17. Nac2 Nc4 18. Qc1 Bxd1 19. Qxd1 g6 20. b3 Ne5 21. Qd2 Ng4 (21... h4 $17 22. gxh4 Qxh4) 22. Qf4 Qf6 ({Black should play} 22... c5 $15 23. Nf3 c4) 23. f3 $11 Qxf4 24. gxf4 Nf6 25. g3 (25. Kf2 $11 {deserves consideration.}) 25... d5 (25... h4 $5 26. g4 c5 $17) 26. e5 Nd7 27. Kg2 Rad8 28. Rad1 c6 29. b4 Nb6 30. f5 Na4 31. Rd3 Rc8 (31... c5 $11 32. bxc5 Nxc5) 32. fxg6 $14 fxg6 33. f4 $36 {[%emt 0:00:32][%mdl 2048] White fights for an advantage.} c5 34. Nf3 cxb4 (34... Red8 $14) 35. Nxb4 $16 ({Weaker is} 35. Rxd5 bxc3 (35... Nxc3 36. Rd6 $14) 36. Rb1 (36. Rd6 Rc6 $11) 36... Rc7 $11) 35... Rxc3 36. Rd2 ({Don't play} 36. Rxd5 $6 Bc5 37. Nd3 Be7 $14) 36... Nb6 37. Nxd5 {[%emt 0:00:40] White is more active.} Nxd5 38. Rxd5 Bc5 {[%emt 0:01:29] [#]} 39. Rd7 $1 Rc2+ 40. Kh3 Rc3 (40... Re7 $16 {was called for.} 41. Red1 Rxa2) 41. Rf1 {[%emt 0:31:59][%cal Of3h4] Nh4! is the strong threat.} Re7 42. Rd8+ Kg7 43. Ng5 Rc2 (43... Bb6 {was worth a try.} 44. Rd6 Bc7) 44. Rc8 $18 {[%emt 0:00:00] Strongly threatening Rd1.} Rc4 45. Rd1 Rd4 46. Rb1 Bb4 (46... Rd5 47. Ne4 Be3 48. Rg8+ Kf7 (48... Kxg8 $2 {is the wrong capture.} 49. Nf6+ Kg7 50. Nxd5 $18)) 47. Rb3 {[%emt 0:00:00] Weighted Error Value: White=0.14 (very precise) /Black=0.26 (precise) .  Mistake:       	White=2     	Black=7      Inaccurate:     	White=2     	Black=2      OK:         	White=15    	Black=19     Best:        	White=3     	Black=3      Strong:       	White=1     	---} 1-0

[Event "45th FIDE Olympiad 2024"]
[Site "Budapest"]
[Date "2024.09.18"]
[Round "7.45"]
[White "Ah Kye, Benitot"]
[Black "Al Maashani, Amer"]
[Result "0-1"]
[WhiteElo "1815"]
[BlackElo "1979"]
[PlyCount "80"]
[EventDate "2024.09.05"]
[EventType "team-tourn"]
[EventCountry "HUN"]
[WhiteTeam "Mauritius"]
[BlackTeam "Oman"]
[WhiteTeamCountry "MRI"]
[BlackTeamCountry "OMN"]
[TimeControl "40/5400+30:1800+30"]

1. e4 c5 2. Nf3 g6 3. d4 cxd4 4. Nxd4 Nf6 5. Nc3 d6 6. Be3 Nc6 7. f3 h5 8. Qd2 Nxd4 9. Qxd4 Bg7 10. O-O-O O-O 11. Qd2 Be6 12. Kb1 Rc8 13. Bd4 Kh7 14. h3 Qa5 15. a3 Nd7 16. Bxg7 Kxg7 17. g4 Rh8 18. Be2 Nb6 19. f4 Bc4 20. Qd4+ f6 21. g5 Bxe2 22. gxf6+ exf6 23. Nxe2 Rc4 24. Qxd6 Re8 25. e5 Rc6 26. exf6+ Kf7 27. Qd3 Rxf6 28. Qb3+ Kg7 29. Nd4 Qd5 30. Qxd5 Nxd5 31. f5 gxf5 32. Nb5 Nb6 33. Nxa7 Re5 34. Rd8 f4 35. Nc8 Nxc8 36. Rxc8 f3 37. Rd8 f2 38. Rdd1 Rfe6 39. Kc1 Re1 40. Rf1 Rxf1 {0-} 0-1

[Event "45th FIDE Olympiad 2024"]
[Site "Budapest"]
[Date "2024.09.18"]
[Round "7.46"]
[White "Nogerbek, Kazybek"]
[Black "Abasov, Nijat"]
[Result "1/2-1/2"]
[ECO "D39"]
[WhiteElo "2519"]
[BlackElo "2626"]
[Annotator "TA"]
[PlyCount "65"]
[EventDate "2024.09.05"]
[EventType "team-tourn"]
[EventCountry "HUN"]
[SourceTitle "playchess.com"]
[Source "ChessBase"]
[SourceQuality "1"]
[WhiteTeam "Kazakhstan"]
[BlackTeam "Azerbaijan"]
[WhiteTeamCountry "KAZ"]
[BlackTeamCountry "AZE"]
[TimeControl "40/5400+30:1800+30"]

1. d4 Nf6 2. c4 e6 3. Nf3 d5 4. Nc3 dxc4 5. e4 Bb4 6. Bg5 b5 7. a4 c5 8. axb5 cxd4 9. Nxd4 {[%emt 0:00:40] White has an edge.} h6 10. Be3 Nxe4 11. Rc1 (11. Bxc4 $2 {too greedy.} Nxc3 12. bxc3 Bxc3+ 13. Ke2 Bxa1 14. Qxa1 O-O $19) 11... e5 12. Nf3 Qxd1+ 13. Kxd1 Bxc3 14. bxc3 Nd6 15. Nxe5 Be6 {[%emt 0:00:12][%cal Oe8g8] Black is weak on the dark squares} 16. Rb1 f6 17. Nf3 Nd7 18. Nd4 Bd5 19. f3 Kf7 20. Bf4 Ne5 21. Be2 Rhb8 22. Kc2 a6 23. bxa6 {[%emt 0:05:57] [#] Rxb8 would now be deadly.} Rxb1 24. Rxb1 Rxa6 25. Rb8 Ke7 26. h4 Ra2+ 27. Kb1 Ra6 28. h5 Bf7 29. g4 Bd5 30. Bg3 Kf7 31. Bf4 Ke7 32. Bg3 Kf7 33. Bf4 {[%emt 0:00:15] Weighted Error Value: White=0.06 (flawless) /Black=0.03 (flawless) .  Inaccurate:     	White=1     	---        OK:         	White=8     	Black=14     Best:        	---       	Black=1} 1/2-1/2

[Event "45th FIDE Olympiad 2024"]
[Site "Budapest"]
[Date "2024.09.18"]
[Round "7.46"]
[White "Salim Mohammed, Salim Al Amri"]
[Black "Chinasamy, Devarajen"]
[Result "1-0"]
[WhiteElo "1926"]
[BlackElo "1975"]
[PlyCount "117"]
[EventDate "2024.09.05"]
[EventType "team-tourn"]
[EventCountry "HUN"]
[WhiteTeam "Oman"]
[BlackTeam "Mauritius"]
[WhiteTeamCountry "OMN"]
[BlackTeamCountry "MRI"]
[TimeControl "40/5400+30:1800+30"]

1. d4 d5 2. c4 c6 3. Nc3 Nf6 4. Nf3 a6 5. c5 Bg4 6. Ne5 Bh5 7. Qb3 Ra7 8. f3 Nfd7 9. g4 Nxe5 10. gxh5 Ned7 11. e4 e5 12. exd5 Qh4+ 13. Ke2 exd4 14. Ne4 Nxc5 15. Qb6 Nxe4 16. Qxa7 Qf2+ 17. Kd1 Qxf3+ 18. Kc2 Bd6 19. Qxd4 Qxh1 20. Bd2 Nxd2 21. Re1+ Kd8 22. Qxg7 Re8 23. Qf6+ Be7 24. Rxe7 Nd7 25. Rxd7+ Kxd7 26. Bh3+ Kc7 27. Qxf7+ Kb6 28. Qxe8 Nc4 29. Be6 Qxh2+ 30. Kc3 Nd6 31. Qd8+ Ka7 32. a4 Qe5+ 33. Kb3 cxd5 34. Bg8 d4 35. a5 Qc5 36. Qb6+ Qxb6+ 37. axb6+ Kxb6 38. Bxh7 Ne8 39. Kc4 Nf6 40. Bg6 d3 41. Kxd3 Kc5 42. h6 a5 43. h7 Nxh7 44. Bxh7 Kb4 45. Bg8 a4 46. Ba2 b5 47. Kd4 Ka5 48. Kc5 Ka6 49. Kb4 Kb6 50. Bd5 Ka6 51. Bc6 Kb6 52. Bxb5 Ka7 53. Bxa4 Kb6 54. Bd1 Kb7 55. Kb5 Ka7 56. Bf3 Kb8 57. Kb6 Kc8 58. b4 Kb8 59. b5 1-0

[Event "45th FIDE Olympiad 2024"]
[Site "Budapest"]
[Date "2024.09.18"]
[Round "7.47"]
[White "Mamedov, Rauf"]
[Black "Suleymenov, Alisher"]
[Result "1/2-1/2"]
[ECO "A13"]
[WhiteElo "2637"]
[BlackElo "2484"]
[Annotator "RC"]
[PlyCount "94"]
[EventDate "2024.09.05"]
[EventType "team-tourn"]
[EventCountry "HUN"]
[SourceTitle "playchess.com"]
[Source "ChessBase"]
[SourceQuality "1"]
[WhiteTeam "Azerbaijan"]
[BlackTeam "Kazakhstan"]
[WhiteTeamCountry "AZE"]
[BlackTeamCountry "KAZ"]
[TimeControl "40/5400+30:1800+30"]

1. c4 e6 2. g3 d5 3. Bg2 d4 4. b4 e5 5. Bb2 c5 6. bxc5 Bxc5 7. d3 Nc6 8. Nf3 Nf6 9. O-O O-O 10. Nbd2 h6 11. Nb3 Bb6 12. Nfd2 Re8 13. Ba3 Bf5 14. Qc2 Qd7 15. Rfe1 Rad8 16. c5 Bc7 17. Nc4 Rc8 18. Nbd2 Bh3 19. Bf3 Bg4 20. Rab1 Bxf3 21. exf3 Na5 22. Ne4 Nxe4 23. fxe4 b5 24. Nxa5 Bxa5 25. Rec1 Bc3 26. Qb3 Rb8 27. Bb4 Bxb4 28. Qxb4 Rec8 29. Qa5 Rb7 30. a4 bxa4 31. Rxb7 Qxb7 32. Qxa4 Rc6 33. Kg2 Qc7 34. Qc4 a5 35. h4 h5 36. Qb5 g6 37. Qc4 Kh7 38. Qa2 Kg8 39. Qc4 Kh7 40. Qd5 a4 41. Qa2 Kg7 42. Qxa4 Rxc5 43. Rxc5 Qxc5 44. Qe8 Kf6 45. Qd8+ Ke6 46. Qe8+ Kf6 47. Qd8+ Ke6 1/2-1/2

[Event "45th FIDE Olympiad 2024"]
[Site "Budapest"]
[Date "2024.09.18"]
[Round "7.47"]
[White "Lam Kin Cheung, Stephane"]
[Black "Al Busaidi, Hamood"]
[Result "0-1"]
[WhiteElo "1677"]
[BlackElo "1881"]
[Annotator "COMBH"]
[PlyCount "64"]
[EventDate "2024.09.05"]
[EventType "team-tourn"]
[EventCountry "HUN"]
[WhiteTeam "Mauritius"]
[BlackTeam "Oman"]
[WhiteTeamCountry "MRI"]
[BlackTeamCountry "OMN"]
[TimeControl "40/5400+30:1800+30"]

1. e4 c5 2. Nc3 e6 3. f4 a6 4. g3 d5 5. Bg2 d4 6. Nce2 Nc6 7. d3 h5 8. Nf3 Be7 9. h3 Qc7 10. O-O b5 11. g4 hxg4 12. hxg4 Nh6 13. g5 Ng4 14. c3 Bb7 15. cxd4 cxd4 16. Bd2 f5 17. Qb3 Qd7 18. a4 fxe4 19. Ne5 Ncxe5 20. fxe5 e3 21. Be1 Bxg2 22. Kxg2 Qb7+ 23. Kg3 Nh2 24. Rf4 Qh1 25. Qxe6 Nf1+ 26. Rxf1 Qh2+ 27. Kf3 Rf8+ 28. Ke4 Qg2+ 29. Kxd4 Rd8+ 30. Kxe3 Rxf1 31. Bb4 Qf3+ 32. Kd2 Qxd3# {0-} 0-1